 Dungeon Crawl Stone Soup version 0.27-a0-1065-ge809cff456 (webtiles) character file.

Game seed: 8776547963797621159

466 robertstho the Magician (level 7, -2/47 HPs)
             Began as a Djinni Ice Elementalist on Apr 23, 2021.
             Was an Initiate of Ashenzari.
             Slain by an orc warrior
             ... wielding a +1 vorpal battleaxe
              (15 damage)
             ... on level 6 of the Dungeon.
             The game lasted 00:11:12 (6306 turns).

robertstho the Magician (Djinni Ice Elementalist)   Turns: 6306, Time: 00:11:12

Health: -2/47      AC: 12    Str:  7    XL:     7   Next: 8%
Gold:   42         EV: 13    Int: 24    God:    Ashenzari [......] SH:  0 Dex: 20

rFire    + + .     SeeInvis .   f - +0 short sword
rCold    x . .     Faith    .   (no shield)
rNeg     . . .     Spirit   .   a - +0 robe
rPois    ∞         Reflect  .   i - +2 hat
rElec    .         Harm     .   (no cloak)
rCorr    .         Rampage  .   (no gloves)
Will     .....                  (boots unavailable)
Stlth    ++........             (no amulet)
HPRegen  0.15/turn              j - +6 ring of dexterity
MPRegen  0.00/turn              n - +6 ring of intelligence

@: ice-armoured, freezing walls, flying
A: fire resistance 2, cold vulnerability 1, float, innate caster, hp casting,
extra vitality 1
a: Renounce Religion


You were on level 6 of the Dungeon.
You worshipped Ashenzari.
Ashenzari was noncommittal.
You visited 2 branches of the dungeon, and saw 7 of its levels.

You collected 223 gold pieces.
You spent 181 gold pieces at shops.

Inventory:

Hand Weapons
 f - a +0 short sword (weapon)
Armour
 a - a +0 robe (worn)
 i - a +2 hat (worn)
Jewellery
 j - a +6 ring of dexterity (left hand)
 n - a +6 ring of intelligence (right hand)
Scrolls
 b - a scroll of fog
 c - a scroll of enchant armour
 e - 4 scrolls of magic mapping
 h - a scroll of torment
 l - a scroll of enchant weapon
 m - 2 scrolls of fear
 o - a scroll of teleportation
Potions
 d - a potion of brilliance
 g - a potion of curing
 k - a potion of resistance


   Skills:
 + Level 1.2 Fighting
 + Level 0.7 Short Blades
 + Level 2.9 Dodging
 + Level 2.5 Stealth
 * Level 6.3 Spellcasting


You couldn't memorise any spells.
You knew the following spells:

 Your Spells              Type           Power      Damage    Failure   Level
a - Freeze                Ice            100%       1d11      1%          1
b - Frozen Ramparts       Ice            76%        1d9       1%          3
c - Ozocubu's Armour      Ice            38%        N/A       1%          3
d - Hailstorm             Conj/Ice       38%        3d9       5%          4
e - Metabolic Englaciati  Hex/Ice        19%        N/A       16%         5
f - Foxfire               Conj/Fire      100%       2x1d9     1%          1
g - Passwall              Tmut/Erth      31%        N/A       1%          2
h - Vampiric Draining     Necr           19%        2d8       1%          3
Your spell library was empty.

Dungeon Overview and Level Annotations

Branches:
Dungeon (6/15)             Temple (1/1) D:5

Altars:
Ashenzari
Cheibriados
Elyvilon
Fedhas
Kikubaaqudgha
Makhleb
Okawaru
Ru
Sif Muna
Trog
Uskayaw
Vehumet
Wu Jian
Yredelemnul
Zin
Jiyva

Shops:
D:2 ?


Innate Abilities, Weirdness & Mutations

You are immune to poison.
Your flesh is very heat resistant. (rF++)
You are vulnerable to cold. (rC-)
You float through the air rather than walking.
You learn spells naturally, not from books.
Your magical power is your life essence.
You have superior vitality. (+4 HP)


Message History

Casting: Frozen Ramparts (safe; 1% risk of failure)
Confirm with . or Enter, or press ? or * to list all spells.
Casting: Frozen Ramparts (safe; 1% risk of failure)
Press: ? - help, Dir - look around, f - activate The walls around you are covered in ice.
The wall freezes the orc warrior.
The wall freezes the orc.
Unknown command.
Casting: Frozen Ramparts (safe; 1% risk of failure)
Confirm with . or Enter, or press ? or * to list all spells.
A film of ice covers your body!
The wall freezes the orc.
The wall freezes the orc!
You kill the orc!
The wall freezes the orc.
Unknown command.
Casting: Ozocubu's Armour (safe; 1% risk of failure)
Confirm with . or Enter, or press ? or * to list all spells.
Aiming: Freeze (safe; 1% risk of failure)
Press: ? - help, Shift-Dir - straight line, f - orc warrior
Aim: an orc warrior, wielding a +1 vorpal battleaxe and wearing a +0 chain mail (lightly wounded)
You freeze the orc warrior.
The orc warrior is moderately wounded.
The wall freezes the orc.
You kill the orc!
The wall freezes the orc warrior!
The orc warrior completely misses you.
Casting: Freeze (safe; 1% risk of failure)
Confirm with . or Enter, or press ? or * to list all spells.
Aiming: Freeze (safe; 1% risk of failure)
Press: ? - help, Shift-Dir - straight line, f/p - orc warrior
Aim: an orc warrior, wielding a +1 vorpal battleaxe and wearing a +0 chain mail (heavily wounded)
You freeze the orc warrior.
The orc warrior is severely wounded.
The wall freezes the orc.
You kill the orc!
The wall freezes the orc.
The wall freezes the orc warrior.
The orc warrior hits you with a +1 vorpal battleaxe!!
* * * LOW HITPOINT WARNING * * *
Unknown command.
You feel better.
The wall freezes the orc warrior.
The orc warrior hits you with a +1 vorpal battleaxe!
You die...

#.# #.# #.#
#.#### #.##.##
#######.#<..####
...............+
#######.#)..####
#@##.## #o#####
#o)...# #...o.#
#.....# #.!...#
#.......
###.##.## .# .#


You could see an orc warrior and an orc.

Vanquished Creatures
  A black bear (D:5)
  A hound (D:5)
  2 jellies
  An orc priest (D:4)
  2 bullfrog skeletons (D:5)
  An iguana (D:4)
  A scorpion zombie (D:5)
  A hound zombie (D:5)
  5 adders
  An ufetubus (D:4)
  3 worms (D:2)
  13 orcs
  2 ball pythons (D:1)
  3 bats (D:1)
  2 endoplasms
  4 giant cockroaches
  5 goblins
  6 hobgoblins
  4 jackals (D:1)
  5 kobolds
  A quokka (D:1)
  3 frilled lizards
  A jackal skeleton (D:4)
  8 rats
76 creatures vanquished.

Vanquished Creatures (others)
  114 foxfires
114 creatures vanquished.

Grand Total: 190 creatures vanquished

Notes
Turn   | Place    | Note
-------+----------+-------------------------------------------
     0 | D:1      | robertstho the Djinni Ice Elementalist began the quest for
                  | the Orb.
     0 | D:1      | Reached XP level 1. HP: 15/15 MP: 0/0
    26 | D:1      | Found a faded altar of an unknown god.
   296 | D:1      | Reached XP level 2. HP: 13/21 MP: 0/0
   298 | D:1      | Reached skill level 4 in Spellcasting
   924 | D:1      | Reached XP level 3. HP: 17/25 MP: 0/0
   924 | D:1      | Learned a level 1 spell: Foxfire
  1282 | D:2      | Found a blossoming altar of Fedhas.
  2220 | D:2      | Found Qaeladeg's Magic Scroll Emporium.
  2224 | D:2      | Bought a scroll of identify for 22 gold pieces
  2224 | D:2      | Bought a scroll of teleportation for 33 gold pieces
  2418 | D:2      | Reached XP level 4. HP: 15/31 MP: 0/0
  2422 | D:2      | Bought a scroll of identify for 22 gold pieces
  3953 | D:4      | Noticed a phantom
  4245 | D:2      | Bought a scroll of magic mapping for 38 gold pieces
  4374 | D:4      | Reached skill level 5 in Spellcasting
  4374 | D:4      | Reached XP level 5. HP: 34/36 MP: 0/0
  4374 | D:4      | Learned a level 2 spell: Passwall
  5021 | D:5      | Entered Level 5 of the Dungeon
  5028 | D:5      | Reached XP level 6. HP: 32/41 MP: 0/0
  5201 | D:2      | Bought 3 scrolls of identify for 66 gold pieces
  5281 | D:5      | Noticed a black bear
  5287 | D:5      | Killed a black bear
  5288 | D:5      | Reached skill level 1 in Fighting
  5370 | D:5      | Found a burning altar of Makhleb.
  5392 | D:5      | Reached skill level 6 in Spellcasting
  5708 | D:5      | Found a staircase to the Ecumenical Temple.
  5724 | Temple   | Entered the Ecumenical Temple
  5898 | Temple   | Became a worshipper of Ashenzari the Shackled
  6054 | D:5      | Reached XP level 7. HP: 37/47 MP: 0/0
  6054 | D:5      | Learned a level 3 spell: Vampiric Draining
  6171 | D:5      | Found a bloodstained altar of Trog.
  6174 | D:5      | Found a hide-covered altar of Uskayaw.
  6180 | D:5      | Found a blossoming altar of Fedhas.
  6306 | D:6      | Slain by an orc warrior

Illustrated notes

Levels and vault maps discovered:
D:1:      amcnicky_arrival_underground_garden, layout_basic,
          shapermc_ecumenical_altar_starsandcircs
D:2:      layout_loops_ring, serial_shops,
          nicolae_shop_competitors_out_of_business, serial_rivers,
          chequers_serial_rivers_small_a, chequers_serial_rivers_small_a,
          chequers_serial_rivers_marsh, chequers_serial_rivers_small_a,
          basic_altar, minmay_domino_4
D:3:      layout_basic, minmay_misc_feat_chi
D:4:      layout_rooms
D:5:      layout_loops_ring, kennysheep_little_box,
          grunt_temple_overflow_diamond, minmay_temple_entry_wispy
D:6:      layout_loops_corners, uniq_crazy_yiuf_cottage
Temple:   pf_slime_end_temple

Skill      XL: |  1  2  3  4  5  6 |
---------------+-------------------+-----
Spellcasting   | 4 5 6 |  6.3
Stealth        | 2 |  2.5
Fighting       | 1 |  1.2
Short Blades   | |  0.7
Dodging        | |  2.9

Action                   |  1- 3 |  4- 6 |  7- 9 || total
-------------------------+-------+-------+-------++-------
Melee: Unarmed           |    16 |       |       ||    16
       Short sword       |    40 |    22 |     1 ||    63
 Cast: Freeze            |    46 |     2 |     2 ||    50
       Frozen Ramparts   |     1 |     5 |     1 ||     7
       Foxfire           |       |    75 |       ||    75
       Ozocubu's Armour  |       |       |     1 ||     1
  Use: Potion            |     2 |       |     1 ||     3
       Scroll            |     1 |     5 |       ||     6
Armor: Robe              |    12 |     9 |     1 ||    22
Dodge: Dodged            |    63 |    30 |     1 ||    94

Table legend: (Time is in decaauts)
 A = Elapsed time spent in this place.
 B = Non-inter-level travel time spent in this place.
 C = Inter-level travel time spent in this place.
 D = Time resting spent in this place.
 E = Time spent auto-exploring this place.
 F = Levels seen in this place.
 G = Mean time per level.
                   A        B        C        D        E       F      G
               +--------+--------+--------+--------+--------+-----+--------+
         Total |   6323 |   5862 |    461 |    664 |   4619 |   7 |  903.3 |
       Dungeon |   6130 |   5705 |    425 |    664 |   4465 |   6 | 1021.7 |
        Temple |    192 |    156 |     36 |      0 |    154 |   1 |  192.0 |
               +--------+--------+--------+--------+--------+-----+--------+

Top non-repeatable levels by time:
     D:1: 1798 daAuts
     D:3: 1497 daAuts
     D:2: 1039 daAuts
     D:5: 956 daAuts
     D:4: 820 daAuts
  Temple: 192 daAuts
     D:6: 18 daAuts
